Map: Terrasses de Prion

Players

Mormert

  • Race: Protoss Protoss
  • League: Silver
  • Spawn Location: 5:00

zidar - Winner!

  • Race: Zerg Zerg
  • League: Silver
  • Spawn Location: 11:00

VOD

Have the link to the VOD?

Description

Time

  • Played on: Nov. 24, 2015, 1:50 p.m.
  • Length: 9:52
Show
View Real Time Build Order
Export as new Build Order

Mormert Protoss 

Build Orders:  

Get SALT Encoding   

  12  0:00  Probe (Chrono Boost)  
  13  0:11  Probe (Chrono Boost)  
  14  0:19  Pylon  
  14  0:22  Probe (Chrono Boost)  
  15  0:38  Probe (Chrono Boost)  
  15  0:39  Gateway  
  16  0:48  Probe (Chrono Boost)  
  17  0:52  Assimilator  
  17  0:59  Probe (Chrono Boost)  
  18  1:06  Pylon  
  18  1:09  Probe (Chrono Boost)  
  19  1:20  Probe (Chrono Boost)  
  20  1:27  Zealot  
  20  1:30  Probe (Chrono Boost)  
  23  1:33  Cybernetics Core  
  23  1:43  Gateway  
  23  1:50  Assimilator  
  23  1:51  Probe (Chrono Boost)  
  24  2:02  Probe (Chrono Boost)  
  25  2:13  Warp Gate (Chrono Boost)  
  27  2:23  Mothership Core (Chrono Boost)  
  27  2:31  Nexus  
  27  2:45  Pylon  
  27  2:54  Stalker x2  
  31  3:04  Pylon  
  31  3:09  Probe (Chrono Boost)  
  31  3:10  Pylon  
  32  3:32  Assimilator  
  32  3:42  Probe  
  32  3:47  Gateway  
  33  3:49  Twilight Council  
  33  3:52  Probe  
  33  3:53  Forge  
  34  4:02  Probe  
  35  4:04  Probe  
  36  4:14  Probe  
  36  4:15  Probe  
  38  4:18  Stalker x2  
  42  4:31  Blink  
  42  4:40  Dark Shrine  
  42  4:44  Robotics Facility  
  42  4:49  Protoss Ground Weapons Level 1 (Chrono Boost)  
  42  5:02  Stalker x2  
  46  5:13  Zealot  
  48  5:15  Probe  
  48  5:16  Probe, Pylon  
  50  5:27  Probe  
  51  5:29  Probe  
  52  5:40  Robotics Bay  
  52  5:43  Immortal  
  56  5:54  Assimilator  
  56  5:59  Robotics Facility  
  56  6:06  Probe x2  
  58  6:14  Dark Templar  
  58  6:18  Probe  
  61  6:19  Probe  
  62  6:29  Dark Templar  
  62  6:30  Probe  
  62  6:31  Probe  
  62  6:32  Observer (Chrono Boost)  
  67  6:42  Probe  
  67  6:43  Probe  
  69  6:53  Nexus  
  69  6:54  Probe  
  69  6:55  Pylon  
  69  6:56  Colossus (Chrono Boost)  
  77  7:04  Observer (Chrono Boost)  
  77  7:06  Probe  
  78  7:12  Pylon  
  78  7:13  Pylon  
  78  7:14  Protoss Ground Weapons Level 2  
  78  7:18  Probe  
  78  7:19  Pylon  
  78  7:20  Pylon  
  79  7:44  Photon Cannon  
  79  7:49  Photon Cannon  
  79  7:53  Pylon  
  79  7:55  Assimilator  
  79  8:07  Stalker x3  
  85  8:12  Gateway  
  85  8:14  Gateway  
  85  8:17  Gateway  
  85  8:20  Gateway  
  85  8:33  Stalker x3  
  87  8:41  Probe  
  87  8:44  Probe  
  87  8:45  Probe  
  90  8:52  Probe  
  91  8:56  Probe  
  91  8:57  Probe  
  91  8:59  Stalker x2  
  91  9:02  Probe  
  97  9:08  Probe  
  97  9:09  Probe  
  100  9:13  Probe  
  107  9:21  Probe  
  107  9:23  Probe  
Show
View Real Time Build Order
Export as new Build Order

zidar Zerg - Winner!

Build Orders: Hatch First 

Get SALT Encoding   

  12  0:03  Drone  
  13  0:09  Drone  
  14  0:17  Overlord  
  14  0:22  Extractor  
  14  0:23  Drone  
  15  0:35  Drone  
  15  0:37  Drone  
  17  0:57  Hatchery  
  16  1:06  Drone x2  
  18  1:12  Extractor  
  17  1:27  Spawning Pool, Drone  
  17  1:35  Drone  
  17  1:38  Overlord  
  18  1:50  Drone  
  18  1:53  Drone  
  20  2:19  Queen  
  20  2:20  Queen  
  20  2:22  Zergling x2  
  25  2:23  Zergling x6  
  25  2:26  Metabolic Boost  
  27  2:32  Overlord  
  27  2:54  Drone x5  
  32  3:08  Roach Warren  
  31  3:18  Extractor  
  30  3:39  Drone x10  
  40  4:04  Evolution Chamber  
  40  4:06  Evolution Chamber  
  38  4:13  Spore Crawler  
  36  4:32  Overlord x3  
  36  4:38  Zerg Missile Weapons Level 1, Zerg Ground Armor Level 1  
  36  4:41  Lair  
  36  4:55  Extractor  
  36  4:57  Extractor  
  34  5:11  Drone x8  
  42  5:15  Drone x9  
  51  5:29  Overlord  
  51  5:30  Overlord x2  
  51  5:46  Roach  
  51  5:47  Roach x3  
  59  5:55  Hydralisk Den  
  58  6:09  Roach x4  
  66  6:17  Hatchery, Glial Reconstitution  
  65  6:22  Roach  
  65  6:23  Roach x3  
  73  6:37  Zerg Ground Armor Level 2, Zerg Missile Weapons Level 2  
  73  6:41  Muscular Augments  
  73  6:43  Drone  
  74  6:51  Hydralisk  
  74  6:52  Hydralisk  
  78  6:58  Queen  
  80  7:20  Hydralisk  
  80  7:21  Hydralisk  
  84  7:23  Hatchery  
  83  7:44  Hydralisk x3  
  89  7:52  Overlord x2  
  89  7:53  Overlord  
  87  8:08  Overseer  
  87  8:18  Ravager  
  88  8:22  Hydralisk x8  
  88  8:23  Hydralisk x2  
  108  8:38  Drone  
  108  8:39  Drone x2  
  111  8:43  Drone  
  111  8:44  Drone x2  
  114  9:01  Overlord x3  
  114  9:19  Roach  
  114  9:20  Roach x9  
Tags
 
Add a new tag
Caveats
  • Supply blocks, unpowered buildings, or Contaminate may cause inaccurate times.
  • Supply counts are checked every 10 seconds.